 Dungeon Crawl Stone Soup version 0.19.5 (webtiles) character file.

107 Stendarr the Gusty (level 4, -6/27 HPs)
             Began as a High Elf Air Elementalist on May 17, 2017.
             Mangled by an iguana (12 damage)
             ... on level 3 of the Dungeon.
             The game lasted 00:08:25 (2270 turns).

Stendarr the Gusty (High Elf Air Elementalist)      Turns: 2270, Time: 00:08:26

Health: -6/27      AC:  4    Str: 13    XL:     4   Next: 56%
Magic:  0/10       EV: 18    Int: 18    God:
Gold:   76         SH:  0    Dex: 21    Spells: 4 memorised, 2 levels left

rFire  . . .     SeeInvis .     t - +0 whip
rCold  . . .     Gourm    .     a - +1 robe
rNeg   . . .     Faith    .     (no shield)
rPois  .         Spirit   .     l - +0 helmet
rElec  .         Reflect  .     (no cloak)
rCorr  .         Harm     .     (no gloves)
MR     .....                    (no boots)
Stlth  +++.......               (no amulet)
                                (no ring)
                                g - +3 ring of slaying

@: mighty, agile, repel missiles
A: no striking features
a: no special abilities


You were on level 3 of the Dungeon.
You were not hungry.

You visited 1 branch of the dungeon, and saw 3 of its levels.

You collected 76 gold pieces.

Inventory:

Hand Weapons
 t - a +0 whip (weapon)
Armour
 a - a +1 robe (worn)
 l - a +0 helmet (worn)
Jewellery
 g - a +3 ring of slaying (left hand)
 s - an uncursed amulet of inaccuracy
Scrolls
 d - a scroll of identify
 e - a scroll of enchant armour
 f - 3 scrolls of magic mapping
 h - a scroll of remove curse
 j - a scroll of enchant weapon {unknown}
 m - 2 scrolls of fog {unknown}
 o - a scroll of recharging {unknown}
Potions
 q - a potion of flight
Books
 b - a book of Air

   Spells                             Type                      Level
   a - Shock                          Conjuration/Air              1
   b - Swiftness                      Charms/Air                   2
   c - Repel Missiles                 Charms/Air                   2
   d - Static Discharge               Conjuration/Air              3
   e - Lightning Bolt                 Conjuration/Air              5
Comestibles
 c - 2 bread rations
 i - 4 chunks of flesh
 p - a royal jelly
 r - a meat ration


   Skills:
 - Level 2.1 Dodging
 - Level 2.1 Stealth
 * Level 3.9 Spellcasting
 * Level 3.2 Conjurations
 + Level 4.2 Air Magic


You had 2 spell levels left.
You knew the following spells:

 Your Spells              Type           Power        Failure   Level  Hunger
a - Shock                 Conj/Air       ###.         3%          1    None
b - Repel Missiles        Chrm/Air       ##....       12%         2    ##.....
c - Swiftness             Chrm/Air       ##......     12%         2    ##.....
d - Static Discharge      Conj/Air       ###.....     12%         3    ###....


Dungeon Overview and Level Annotations

Branches:
Dungeon (3/15)

Altars:


Message History

The quokka bites you but does no damage. x2
The iguana barely misses you.
Your magical contamination has completely faded away.
Unknown command.
It was a potion of agility.
You feel agile all of a sudden. The quokka closely misses you.
The iguana barely misses you.
You feel very mighty all of a sudden. The quokka bites you.
* * * LOW HITPOINT WARNING * * *
The iguana completely misses you.
You closely miss the iguana.
The iguana is moderately wounded.
The quokka bites you.
* * * LOW HITPOINT WARNING * * *
The iguana closely misses you.
You hit the iguana but do no damage.
The iguana is moderately wounded.
The quokka closely misses you. The iguana bites you!
You die...

.#. ... ##l.
#.# r?. #.#
#.. #.# #†.
#.# #.$ #.#
#.#..###.#
#....r@..#
###.###l## #.
#.#
#.###.#####>
#...<.......#
#####.#####.#
#.# #(# #.#


You could see an iguana and a quokka.

Vanquished Creatures
  Ijyb (D:2)
  2 adders (D:2)
  3 dart slugs
  5 leopard geckos
  3 goblins
  3 hobgoblins
  8 jackals
  6 kobolds
  A ball python (D:1)
  2 ball python zombies (D:1)
  5 bats
  6 frilled lizards
  9 rats
54 creatures vanquished.

Notes
Turn   | Place    | Note
-------+----------+-------------------------------------------
     0 | D:1      | Stendarr the High Elf Air Elementalist began the quest for the Orb.
     0 | D:1      | Reached XP level 1. HP: 11/11 MP: 4/4
   366 | D:1      | Reached XP level 2. HP: 9/17 MP: 1/6
   525 | D:1      | Learned a level 2 spell: Repel Missiles
   528 | D:1      | Learned a level 2 spell: Swiftness
  1332 | D:2      | Reached XP level 3. HP: 13/21 MP: 0/8
  1644 | D:2      | Noticed Ijyb
  1746 | D:2      | Killed Ijyb
  1746 | D:2      | Reached skill level 4 in Air Magic
  1746 | D:2      | Reached XP level 4. HP: 27/27 MP: 0/10
  2058 | D:2      | Learned a level 3 spell: Static Discharge
  2270 | D:3      | Mangled by an iguana

Skill      XL: |  1  2  3 |
---------------+----------+-----
Conjurations   | 2 3 |  3.2
Spellcasting   | 3 |  3.9
Air Magic      | 4 |  4.2
Dodging        | |  2.1
Stealth        | |  2.1

Action                   |  1- 3 |  4- 6 || total
-------------------------+-------+-------++-------
Melee: Unarmed           |     6 |       ||     6
       Whip              |       |     4 ||     4
 Cast: Shock             |    70 |    29 ||    99
       Repel Missiles    |     1 |       ||     1
  Use: Scroll            |       |     5 ||     5
       Potion            |       |     2 ||     2
 Stab: Sleeping          |     1 |       ||     1
  Eat: Chunk             |     2 |     2 ||     4
Armor: Robe              |     9 |     6 ||    15
Dodge: Dodged            |    23 |    14 ||    37
       Deflected         |       |     1 ||     1
